 Dungeon Sprint DCSS version 0.32-a0-433-g08bcfe7efd (webtiles) character file.

Game seed: 6628278241492029826

666 adelrune the Slicer (level 7, -2/41 HPs)
             Began as a Vine Stalker Fighter on Feb 22, 2024.
             Was a Believer of Cheibriados.
             Slain by a shadow (18 damage)
             ... in the Dungeon (Sprint IX: "|||||||||||||||||||||||||||||").
             The game lasted 00:01:53 (175 turns).

adelrune the Slicer (Vine Stalker Fighter)           Turns: 175, Time: 00:01:54

Health: -2/41      AC: 13    Str: 26    XL:     7   Next: 57%
Magic:  0/11       EV: 12    Int: 13    God:    Cheibriados [**....]
Gold:   0          SH:  7    Dex: 24    Spells: 6/6 levels left

rFire   . . .        l - +2 rapier (drain)
rCold   . . .        c - +0 buckler
rNeg    . . .        o - +1 chain mail
rPois   .            m - +0 helmet
rElec   .            n - +0 cloak
rCorr   .            (no gloves)
SInv    .            (no boots)
Will    .....        (no amulet) Stlth
                     p - +3 ring of strength
HPRegen 1.06/turn    q - +3 ring of dexterity
MPRegen 0.12/turn

%: no teleportation, guardian spirit
@: very slow
A: fangs 2, regeneration 1, magic shield, antimagic bite, no potion heal 2
a: Renounce Religion, Bend Time


You were in the Dungeon.
You worshipped Cheibriados.
Cheibriados was pleased with you.
You visited 1 branch

Inventory:

Hand Weapons
 a - a +0 rapier
 l - a +2 rapier of draining (weapon)
Armour
 b - a +0 scale mail
 c - a +0 buckler (worn)
 m - a +0 helmet (worn)
 n - a +0 cloak (worn)
 o - a +1 chain mail (worn)
Jewellery
 p - a +3 ring of strength (left hand)
 q - a +3 ring of dexterity (right hand)
Wands
 k - a wand of roots (10)
Scrolls
 i - 2 scrolls of blinking
 j - 2 scrolls of amnesia
Potions
 d - a potion of might
 e - 5 potions of curing
 f - a potion of haste
 g - 4 potions of magic
 h - a potion of invisibility


   Skills:
 + Level 6.4 Fighting
 * Level 8.3 Short Blades
 + Level 5.8 Armour
 + Level 4.9 Dodging
 + Level 6.2 Shields
 + Level 4.3 Invocations


You had 6 spell levels left.
You didn't know any spells.
Your spell library was empty.

Dungeon Overview and Level Annotations

Branches:
Dungeon (1/1)

Altars:
Cheibriados
Dithmenos
Elyvilon
Fedhas
Gozag
Hepliaklqana
Kikubaaqudgha
Makhleb
Nemelex Xobeh
Okawaru
Qazlal
Ru
Sif Muna
Trog
Uskayaw
Vehumet
Wu Jian
Xom
Yredelemnul
Zin
The Shining One
Beogh
Jiyva
Lugonu


Innate Abilities, Weirdness & Mutations

You have extremely sharp teeth.
Your natural rate of healing is unusually fast.
When hurt, damage is shared between your health and your magic reserves.
Your bite disrupts and absorbs the magic of your enemies.
Potions cannot restore your health.


Message History

You kill the killer bee!
Cheibriados thoroughly appreciates the change of pace.
Cheibriados raises the support of your attributes as your movement slows. x2
Your Short Blades skill increases to level 8!
Your Shields skill increases to level 6!
Your Invocations skill increases to level 4!
You hit the acid dragon.
The acid dragon is lightly wounded.
You hit the acid dragon but do no damage.
You drain the acid dragon. Your bite misses the acid dragon.
The acid dragon is lightly wounded.
The acid dragon bites you but does no damage.
The acid dragon claws you but does no damage.
You puncture the acid dragon! You drain the acid dragon.
You bite the acid dragon, but do no damage.
The acid dragon is severely wounded.
You block the acid dragon's attack. The acid dragon barely misses you.
You completely miss the acid dragon.
The acid dragon is severely wounded.
The acid dragon spits acid at you. The splash of acid hits you!!
You hit the acid dragon but do no damage.
You bite the acid dragon. You drain its power.
You feel invigorated.
The acid dragon is severely wounded.
The acid dragon bites you. The acid dragon claws you.
* * * LOW HITPOINT WARNING * * *
You closely miss the acid dragon.
The acid dragon is severely wounded.
You block the acid dragon's attack. x2
You hit the acid dragon but do no damage.
The acid dragon is severely wounded.
You completely miss the acid dragon. You bite the acid dragon!
You kill the acid dragon!
Cheibriados appreciates the change of pace.
Cheibriados raises the support of your attributes as your movement slows.
The acid dragon scales are intact enough to wear.
You miss something. Your bite misses something.
The shadow strikes at you from the darkness!
You die...
Cheibriados appreciates the motionlessness of death.

▓.▓
▓)▓
▓.▓
▓.▓
▓.▓
▓.▓
▓.▓
▓.▓
▓@▓
▓[▓
▓.▓
▓.▓
▓.▓
▓.▓
▓.▓
▓+▓


There were no monsters in sight!

Vanquished Creatures
  2 yaks (D)
  An acid dragon (D)
  An ogre (D)
  A centaur (D)
  A killer bee (D)
  A hound (D)
  An orc wizard (D)
  An orc (D)
  A bat (D)
  An endoplasm (D)
  A hobgoblin (D)
  A kobold (D)
  A quokka (D)
  A rat (D)
15 creatures vanquished.

Notes
Turn   | Place    | Note
-------+----------+-------------------------------------------
     0 | D        | adelrune the Vine Stalker Fighter began the quest for the
                  | Orb.
     0 | D        | Reached XP level 1. HP: 11/11 MP: 2/2
     6 | D        | Reached skill level 2 in Short Blades
    24 | D        | Noticed a hound
    24 | D        | Noticed an ogre
    24 | D        | Noticed an orc wizard
    30 | D        | Killed a hound
    31 | D        | Reached skill level 3 in Short Blades
    31 | D        | Reached skill level 1 in Dodging
    31 | D        | Reached XP level 2. HP: 16/16 MP: 3/3
    31 | D        | Reached XP level 3. HP: 20/20 MP: 4/4
    34 | D        | Killed an ogre
    35 | D        | Reached skill level 5 in Short Blades
    35 | D        | Reached XP level 4. HP: 21/26 MP: 2/5
    35 | D        | Reached XP level 5. HP: 24/30 MP: 2/6
    72 | D        | Found a roughly hewn altar of Beogh.
    72 | D        | Found a snail-covered altar of Cheibriados.
    72 | D        | Found a shadowy altar of Dithmenos.
    72 | D        | Found a white marble altar of Elyvilon.
    72 | D        | Found a blossoming altar of Fedhas.
    72 | D        | Found an opulent altar of Gozag.
    73 | D        | Found a hazy altar of Hepliaklqana.
    74 | D        | Found a viscous altar of Jiyva.
    75 | D        | Found an ancient bone altar of Kikubaaqudgha.
    76 | D        | Became a worshipper of Cheibriados the Contemplative
    77 | D        | Found a corrupted altar of Lugonu.
    78 | D        | Found a burning altar of Makhleb.
    79 | D        | Found a sparkling altar of Nemelex Xobeh.
    80 | D        | Found an iron altar of Okawaru.
    81 | D        | Found a stormy altar of Qazlal.
    82 | D        | Found a sacrificial altar of Ru.
    83 | D        | Found a shimmering blue altar of Sif Muna.
    84 | D        | Found a bloodstained altar of Trog.
    85 | D        | Found a hide-covered altar of Uskayaw.
    86 | D        | Found a radiant altar of Vehumet.
    87 | D        | Found an ornate altar of the Wu Jian Council.
    88 | D        | Found a shimmering altar of Xom.
    89 | D        | Found a basalt altar of Yredelemnul.
    90 | D        | Found a glowing silver altar of Zin.
    91 | D        | Found a glowing golden altar of the Shining One.
   142 | D        | Noticed a yak
   142 | D        | Noticed a centaur
   142 | D        | Noticed a yak
   142 | D        | Noticed an acid dragon
   142 | D        | Noticed a shadow
   150 | D        | Killed a yak
   151 | D        | Reached skill level 5 in Fighting
   151 | D        | Reached skill level 6 in Short Blades
   151 | D        | Reached skill level 5 in Shields
   151 | D        | Reached XP level 6. HP: 15/35 MP: 3/8
   153 | D        | Reached * piety under Cheibriados
   154 | D        | Reached skill level 7 in Short Blades
   154 | D        | Reached skill level 5 in Armour
   158 | D        | Killed a yak
   159 | D        | Reached XP level 7. HP: 23/40 MP: 10/10
   166 | D        | Reached ** piety under Cheibriados
   167 | D        | Reached skill level 8 in Short Blades
   175 | D        | Slain by a shadow

Illustrated notes

Levels and vault maps discovered:
D:        linesprint [early_d, line_temple, items_1, d_10, items_2, lair_1,
          lair_end, items_3, orc_1, orc_end, items_4, d_15, swamp_1, shoals_1,
          snake_1, spider_1, d_20, vaults_1, items_5, swamp_end, shoals_end,
          snake_end, spider_end, vaults_end, d_27, items_6, zot_1, zot_end,
          crypt_end, forest_end, elf_end, slime_end, tomb_end, abyss_end,
          pan_hell_end]

Skill      XL: |  1  2  3  4  5  6  7 |
---------------+----------------------+-----
Short Blades   | 3 5 6 7 8 |  8.3
Fighting       | 3 4 5 6 |  6.4
Shields        | 3 4 5 6 |  6.2
Armour         | 3 4 5 |  5.8
Dodging        | 1 2 3 4 |  4.9
Invocations    | 2 3 4 |  4.3

Action                     |  1- 3 |  4- 6 |  7- 9 || total
---------------------------+-------+-------+-------++-------
  Melee: Rapier            |    23 |    18 |    17 ||    58
         Bite              |     6 |    11 |     5 ||    22
    Use: Potion            |     1 |       |       ||     1
 Armour: Scale mail        |    13 |     2 |       ||    15
         Chain mail        |       |    12 |     8 ||    20
  Dodge: Dodged            |     8 |     3 |     7 ||    18
  Block: Buckler           |     5 |     4 |     7 ||    16

Table legend: (Time is in decaauts)
 A = Elapsed time spent in this place.
 B = Non-inter-level travel time spent in this place.
 C = Inter-level travel time spent in this place.
 D = Time resting spent in this place.
 E = Time spent auto-exploring this place.
 F = Levels seen in this place.
 G = Mean time per level.
                   A        B        C        D        E       F      G
               +--------+--------+--------+--------+--------+-----+--------+
         Total |    190 |    190 |      0 |     39 |      0 |   1 |  190.0 |
       Dungeon |    190 |    190 |      0 |     39 |      0 |   1 |  190.0 |
               +--------+--------+--------+--------+--------+-----+--------+

Top non-repeatable levels by time:
       D: 190 daAuts
